 Dungeon Sprint DCSS version bcrawl-1.31 (webtiles) character file.

Game seed: 13868194467729919989

107664657 Groucho the Skullcrusher (level 22, 296/296 HPs)
             Began as an Ent Sloth Apostle on Apr 2, 2021.
             Was the Champion of Cheibriados.
             Escaped with the Orb
             ... and 9 runes!
             The game lasted 00:39:52 (14603 turns).

Groucho the Skullcrusher (Ent Sloth Apostle)       Turns: 14603, Time: 00:39:53

Health: 296/296    AC: 31    Str: 37    XL:     22   Next: 93%
Magic:  53/53      EV: 43    Int: 32    God:    Cheibriados [******]
Gold:   262        SH: 45    Dex: 31    Spells: 74/75 levels left

rFire    + . .     SeeInvis .   J - +9 great mace (flame)
rCold    . . .     Gourm    .   e - +8 large shield {reflect}
rNeg     + + +     Faith    .   (armour unavailable)
rPois    +         Spirit   .   (helmet restricted)
rElec    .         Reflect  +   x - +1 cloak
rCorr    .         Harm     .   (gloves unavailable)
MR       ++...     Rnd*Rage +   (boots unavailable) Stlth ++++......NoTele +
                                z - amulet "Kaozxaum" {Reflect SH+6 Stlth+}
HPRegen  0.59/turn              I - +4 ring of evasion
MPRegen  0.33/turn              y - ring of Pecwoll {rF+ Int+3}

@: starving, very slow
A: large, slow actions, passwall, strong branches, berserk 1, negative energy
resistance 3, poison resistance, slow metabolism 1, torment resistance,
unbreathing, subdued magic 1, AC +29
0: Orb of Zot
}: 9/17 runes: decaying, serpentine, barnacled, slimy, elven, silver, golden,
abyssal, gossamer
a: Passwall, Bend Time, Temporal Distortion, Slouch, Step From Time, Renounce
Religion


You escaped.
You worshipped Cheibriados.
Cheibriados was exalted by your worship.
You were starving.

You visited 1 branch You collected 1986 gold pieces.
You spent 1724 gold pieces at shops.

Inventory:

Hand Weapons
 b - a +3 longbow of flaming
 C - a +1 giant spiked club
 J - a +9 great mace of flaming (weapon)
 L - a +4 great mace
Missiles
 q - 244 large rocks (quivered)
 E - 1381 arrows
 Q - 408 steel javelins
 R - 534 poisoned tomahawks
 S - 967 javelins
Armour
 e - a +8 large shield of reflection (worn)
 x - a +1 cloak (worn)
 M - a +3 large shield
Jewellery
 o - an uncursed ring of resist corrosion
 p - a +3 ring of dexterity
 y - the ring of Pecwoll (right hand) {rF+ Int+3}
   (You bought it in a shop in the Dungeon)

   [ring of protection from fire]

   It affects your intelligence (+3).
   It protects you from fire.
 z - the amulet "Kaozxaum" (around neck) {Reflect SH+6 Stlth+}
   (You bought it in a shop in the Dungeon)

   [amulet of reflection]

   It shields you and reflects attacks.
   It affects your SH (+6).
   It makes you more stealthy.
 B - an uncursed ring of protection from fire
 H - a +6 ring of strength
 I - a +4 ring of evasion (left hand)
 K - an uncursed amulet of regeneration
 V - the ring "Toahuc" {rPois MR- Dex+3 Slay+3}
   (You found it in the Dungeon)

   [ring of slaying]

   It affects your dexterity (+3).
   It affects your accuracy and damage with ranged weapons and melee attacks
   (+3).
   It protects you from poison.
   It affects your resistance to hostile enchantments.
Wands
 a - a wand of digging (12)
 c - a wand of paralysis (10)
 n - a wand of acid (9)
 F - a wand of flame (7)
Scrolls
 i - 4 scrolls of identify
 j - 8 scrolls of blinking
 l - 5 scrolls of remove curse
 m - 2 scrolls of amnesia
 s - 5 scrolls of fear
 u - 2 scrolls of enchant weapon
 D - 2 scrolls of fog
Potions
 d - a potion of invisibility
 f - 4 potions of heal wounds
 g - 11 potions of haste
 h - 3 potions of magic
 k - 8 potions of curing
 r - a potion of cancellation
 t - 2 potions of berserk rage
 v - 3 potions of might
 G - 3 potions of brilliance
 N - a potion of resistance
 O - 2 potions of agility
 W - a potion of mutation
Miscellaneous
 w - the horn of Geryon


   Skills:
 O Level 27 Fighting
 O Level 27 Maces & Flails
 + Level 12.7 Bows
 O Level 27 Throwing
 O Level 27 Dodging
 O Level 27 Stealth
 O Level 27 Shields
 O Level 27 Unarmed Combat
 O Level 27 Spellcasting
 + Level 13.8 Hexes
 O Level 27 Invocations
 O Level 27 Evocations


You had 74 spell levels left.
You knew the following spells:

 Your Spells              Type           Power        Failure   Level  Hunger
a - Slow                  Hex            #######.     0%          1    None

Your spell library contained the following spells:

 Spells                   Type           Power        Failure   Level  Hunger
 Sting                    Conj/Pois      ####         1%          1    None
 Poisonous Vapours        Pois/Air       ####..       2%          2    None
 Ignite Poison            Fire/Tmut/Pois ####....     4%          3    None
 Olgreb's Toxic Radiance  Pois           ####.....    19%         4    None
 Summon Scorpions         Summ/Pois      ####....     19%         4    None
 Venom Bolt               Conj/Pois      ####......   47%         5    None


Dungeon Overview and Level Annotations

Branches:
Dungeon (1/1)

Altars:
Cheibriados
Dithmenos
Elyvilon
Fedhas
Gozag
Hepliaklqana
Kikubaaqudgha
Lugonu
Makhleb
Nemelex Xobeh
Okawaru
Qazlal
Ru
Sif Muna
Trog
Uskayaw
Vehumet
Wu Jian
Xom
Yredelemnul
Zin
The Shining One
Beogh
Jiyva

Shops:
D =(([


Innate Abilities, Weirdness & Mutations

You move and act slowly.
You can pass through walls and trees.
Your branches can wield two-handed weapons with a shield.
Your thick bark is tough. (AC +29)
You are too large for most types of armour.
You are immune to negative energy. (rN+++)
Your system is resistant to poisons. (rPois)
You have a slow metabolism.
You are immune to unholy pain and torment.
You can survive without breathing.
You tend to lose your temper in combat.
Your spells are a little easier to cast, but a little less powerful.


Message History

You throw a large rock.
The large rock hits the torturous demonspawn!!!!
You kill the torturous demonspawn!
Cheibriados appreciates the change of pace.
No path to travel!
No path to travel!
You start waiting.
You are starving!
You see here a +2 whip of electrocution.
Things that are here:
a +2 vampiric demon trident; a +0 leather armour
There is an open door to the Dungeon here.
You see here a stone.
There is an open door to the Dungeon here.
Things that are here:
a +2 vampiric demon trident; a +0 leather armour You see here a +2 whip of electrocution.
There is a staircase leading out of the dungeon here.
You're too hungry to rest.
You have escaped!

▓.............))))
▓.▓▓▓▓▓▓▓▓▓▓▓▓▓▓▓▓
▓.................
▓▓▓▓▓▓▓▓▓▓▓▓▓▓▓▓▓▓
▓.......'.........
▓.▓▓▓▓▓▓▓▓▓▓▓▓▓▓▓▓
▓.................
▓▓▓▓▓▓▓▓▓▓▓▓▓▓▓▓▓▓
▓@)).'.(...'.)...'
▓▓▓▓▓▓▓▓▓▓▓▓▓▓▓▓▓▓


There were no monsters in sight!

Vanquished Creatures
  the Royal Jelly (D)
  Mennas (D)
  5 ancient liches (D)
  5 orbs of fire (D)
  Mara (D)
  Xtahua (D)
  6 greater mummies (D)
  7 golden dragons (D)
  A Killer Klown (D)
  Margery (D)
  A curse toe (D)
  Geryon (D)
  A profane servitor (D)
  Jory (D)
  5 pandemonium lords (D)
  2 rockslimes (D)
  2 bone dragons (D)
  2 electric golems (D)
  2 Hell Sentinels (D)
  4 liches (D)
  36 Orb Guardians (D)
  6 tentacled monstrosities (D)
  An Ice Fiend (D)
  2 titans (D)
  A quicksilver dragon (D)
  13 acid blobs (D)
  5 deep elf blademasters (D)
  An Executioner (D)
  12 sphinxes (D)
  Donald (D)
  6 shadow dragons (D)
  A warmonger (D)
  5 nagarajas (D)
  3 balrugs (D)
  2 storm dragons (D)
  2 draconian monks (D)
  A fire giant (D)
  5 azure jellies (D)
  A daeva (D)
  A deep elf sorcerer (D)
  6 ghost moths (D)
  A frost giant (D)
  An iron dragon (D)
  3 vault wardens (D)
  3 draconian knights (D)
  A cacodemon (D)
  4 emperor scorpions (D)
  Louise (D)
  A draconian scorcher (D)
  A draconian stormcaller (D)
  A deep elf elementalist (D)
  2 black suns (D)
  A draconian annihilator (D)
  An angel (D)
  An ironheart preserver (D)
  A spriggan defender (D)
  7 stone giants (D)
  4 reapers (D)
  5 very ugly things (D)
  6 vampire knights (D)
  Nessos (D)
  2 deep elf demonologists (D)
  3 black draconians (D)
  A spark wasp (D)
  A green draconian (D)
  A deep elf annihilator (D)
  An entropy weaver (D)
  A lorocyproca (D)
  3 yellow draconians (D)
  2 ettins (D)
  2 red draconians (D)
  A deep elf death mage (D)
  3 white draconians (D)
  3 blizzard demons (D)
  A crystal guardian (D)
  3 purple draconians (D)
  Snorg (D)
  A yaktaur captain (D)
  5 mummy priests (D)
  4 merfolk javelineers (D)
  A fire dragon (D)
  2 merfolk impalers (D)
  3 great orbs of eyes (D)
  2 ice dragons (D)
  4 deep elf high priests (D)
  7 hydras (D)
  A monstrous demonspawn (D)
  2 death knights (D)
  2 shambling mangroves (D)
  25 vault guards (D)
  2 rakshasas (D)
  2 naga warriors (D)
  5 merfolk aquamancers (D)
  8 death oozes (D)
  A centaur warrior (D)
  A dancing weapon (D)
  4 ogre magi (D)
  A deep troll earth mage (D)
  2 deep troll shamans (D)
  A sea snake (D)
  2 naga sharpshooters (D)
  7 sun demons (D)
  Sonja (D)
  4 soul eaters (D)
  A goliath frog (D)
  4 hell knights (D)
  Nergalle (D)
  6 sixfirhies (D)
  4 swamp dragons (D)
  A shadow demon (D)
  An unseen horror (D)
  A torturous demonspawn (D)
  A gelid demonspawn (D)
  A wizard (D)
  A glowing orange brain (D)
  4 ironheart convokers (D)
  2 cyclopes (D)
  2 deep elf magi (D)
  12 orc knights (D)
  3 necromancers (D)
  2 orb spiders (D)
  9 moths of wrath (D)
  2 wolf spiders (D)
  A manticore (D)
  A worldbinder (D)
  A black mamba (shapeshifter) (D)
  5 naga magi (D)
  A black mamba (D)
  A smoke demon (D)
  A guardian serpent (D)
  Joseph (D)
  2 cane toads (D)
  A torpor snail (shapeshifter) (D)
  5 orange demons (D)
  A rime drake (D)
  4 yaktaurs (D)
  4 demonic crawlers (D)
  A hellion (D)
  2 ice devils (D)
  2 tormentors (D)
  2 hellwings (D)
  2 komodo dragons (D)
  16 guardian mummies (D)
  An ancient zyme (D)
  A tengu conjurer (D)
  3 merfolk (D)
  4 red devils (D)
  A wandering mushroom (D)
  A hornet (D)
  A troll (D)
  Maurice (D)
  4 jumping spiders (D)
  A polar bear (D)
  2 wind drakes (D)
  A tyrant leech (D)
  A dream sheep (D)
  A bog body (D)
  3 small abominations (D)
  A slime creature (D)
  5 hippogriffs (D)
  A blink frog (shapeshifter) (D)
  A snapping turtle (D)
  A ynoxinul (D)
  A flying skull (D)
  11 spriggans (D)
  2 redbacks (D)
  A tarantella (D)
  A yak (D)
  A human (shapeshifter) (D)
  A basilisk (D)
  A golden eye (D)
  2 vampire mosquitoes (D)
  A chaos spawn (D)
  A large abomination (D)
  3 nagas (D)
  5 wargs (D)
  A soldier ant (D)
  3 acid dragons (D)
  2 crocodiles (D)
  2 water moccasins (D)
  2 hell hounds (D)
  4 swamp drakes (D)
  A porcupine (D)
  13 orc warriors (D)
  A boggart (D)
  4 eyes of draining (D)
  A black bear (D)
  3 centaurs (D)
  2 wolves (D)
  A bullfrog (D)
  A scorpion (D)
  A killer bee (D)
  A hound (D)
  An iron imp (D)
  5 orc priests (D)
  An orc wizard (D)
  A worker ant (D)
  2 white imps (D)
  An ooze (D)
  10 orcs (D)
  2 bats (D)
  A bat zombie (D)
  2 goblins (D)
  A hobgoblin (D)
  A quokka (D)
  A giant cockroach simulacrum (D)
  A giant cockroach zombie (D)
  A kobold (D)
588 creatures vanquished.

Vanquished Creatures (others)
  A greater mummy (D)
  A deep elf master archer (D)
  A nagaraja (D)
  Ilsuiw (D)
  A stone giant (D)
  An entropy weaver (D)
  2 yaktaur captains (D)
  A naga warrior (D)
  A merfolk aquamancer (D)
  A cherub (D)
  A black mamba (D)
  A boggart (D)
  An ice beast (D)
14 creatures vanquished.

Grand Total: 602 creatures vanquished

Notes
Turn   | Place    | Note
-------+----------+-------------------------------------------
     0 | D        | Groucho the Ent Sloth Apostle began the quest for the Orb.
     0 | D        | Reached XP level 1. HP: 22/22 MP: 2/2
    13 | D        | Reached skill level 1 in Invocations
    15 | D        | Reached * piety under Cheibriados
    18 | D        | Reached skill level 1 in Dodging
    18 | D        | Reached ** piety under Cheibriados
    33 | D        | Noticed a centaur
    33 | D        | Noticed a hound
    39 | D        | Reached XP level 2. HP: 3/33 MP: 3/3
    49 | D        | Killed a centaur
    50 | D        | Reached skill level 5 in Maces & Flails
    50 | D        | Reached XP level 3. HP: 20/43 MP: 3/6
    50 | D        | Reached XP level 4. HP: 25/53 MP: 3/7
    51 | D        | Reached *** piety under Cheibriados
    52 | D        | Reached skill level 5 in Fighting
    61 | D        | Reached **** piety under Cheibriados
   440 | D        | Found a roughly hewn altar of Beogh.
   440 | D        | Found a snail-covered altar of Cheibriados.
   440 | D        | Found a shadowy altar of Dithmenos.
   440 | D        | Found a white marble altar of Elyvilon.
   440 | D        | Found a blossoming altar of Fedhas.
   440 | D        | Found an opulent altar of Gozag.
   441 | D        | Found a hazy altar of Hepliaklqana.
   442 | D        | Found a viscous altar of Jiyva.
   443 | D        | Found an ancient bone altar of Kikubaaqudgha.
   444 | D        | Found a corrupted altar of Lugonu.
   445 | D        | Found a burning altar of Makhleb.
   446 | D        | Found a sparkling altar of Nemelex Xobeh.
   447 | D        | Found an iron altar of Okawaru.
   448 | D        | Found a stormy altar of Qazlal.
   449 | D        | Found a sacrificial altar of Ru.
   450 | D        | Found a shimmering blue altar of Sif Muna.
   451 | D        | Found a bloodstained altar of Trog.
   452 | D        | Found a hide-covered altar of Uskayaw.
   453 | D        | Found a radiant altar of Vehumet.
   454 | D        | Found an ornate altar of the Wu Jian Council.
   455 | D        | Found a shimmering altar of Xom.
   456 | D        | Found a basalt altar of Yredelemnul.
   457 | D        | Found a glowing silver altar of Zin.
   458 | D        | Found a glowing golden altar of the Shining One.
   493 | D        | Noticed a soldier ant
   493 | D        | Noticed a troll
   493 | D        | Noticed a centaur
   493 | D        | Noticed a komodo dragon
   493 | D        | Noticed a centaur
   499 | D        | Killed a soldier ant
   500 | D        | Reached XP level 5. HP: 56/64 MP: 7/9
   507 | D        | Killed a troll
   507 | D        | Killed a centaur
   507 | D        | Reached ***** piety under Cheibriados
   507 | D        | Killed a centaur
   508 | D        | Reached XP level 6. HP: 27/78 MP: 3/12
   508 | D        | Reached XP level 7. HP: 30/86 MP: 3/13
   510 | D        | Killed a komodo dragon
   807 | D        | Noticed a hippogriff
   807 | D        | Noticed a cyclops
   811 | D        | Killed a hippogriff
   812 | D        | Reached skill level 10 in Maces & Flails
   812 | D        | Reached XP level 8. HP: 99/99 MP: 3/15
   812 | D        | Killed a cyclops
   813 | D        | Reached skill level 10 in Fighting
   813 | D        | Reached skill level 10 in Invocations
  1150 | D        | Noticed a polar bear
  1150 | D        | Noticed a cane toad
  1150 | D        | Noticed a rime drake
  1152 | D        | Killed a rime drake
  1152 | D        | Reached ****** piety under Cheibriados
  1153 | D        | Reached skill level 1 in Throwing
  1153 | D        | Reached XP level 9. HP: 109/110 MP: 10/17
  1153 | D        | Killed a polar bear
  1153 | D        | Killed a cane toad
  1184 | D        | Noticed a komodo dragon
  1187 | D        | Killed a komodo dragon
  1188 | D        | Reached XP level 10. HP: 120/123 MP: 5/19
  1330 | D        | Reached skill level 5 in Throwing
  1340 | D        | Reached skill level 10 in Dodging
  1429 | D        | Noticed Sonja
  2026 | D        | Noticed an orc knight
  2026 | D        | Noticed an orc knight
  2027 | D        | Noticed an orc knight
  2030 | D        | Killed an orc knight
  2030 | D        | Killed an orc knight
  2030 | D        | Killed an orc knight
  2030 | D        | Noticed an orc knight
  2037 | D        | Noticed an orc knight
  2043 | D        | Reached skill level 10 in Shields
  2044 | D        | Killed an orc knight
  2045 | D        | Reached XP level 11. HP: 73/134 MP: 2/21
  2054 | D        | Killed an orc knight
  2242 | D        | Found Zavixugi's Jewellery Emporium.
  2242 | D        | Noticed an orc knight
  2242 | D        | Noticed an orc knight
  2243 | D        | Noticed an orc knight
  2243 | D        | Noticed an orc knight
  2247 | D        | Killed an orc knight
  2247 | D        | Killed an orc knight
  2247 | D        | Killed an orc knight
  2247 | D        | Killed an orc knight
  2248 | D        | Found Nuorr's Weapon Shoppe.
  2250 | D        | Found Qedd's Antique Weapon Emporium.
  2256 | D        | Found Antonolal's Armour Shoppe.
  2258 | D        | Noticed an orc knight
  2260 | D        | Noticed an orc knight
  2264 | D        | Noticed an orc knight
  2272 | D        | Killed an orc knight
  2282 | D        | Killed an orc knight
  2292 | D        | Killed an orc knight
  2337 | D        | Bought a runed great mace for 275 gold pieces
  2347 | D        | Bought an uncursed ring of resist corrosion for 275 gold
                  | pieces
  2347 | D        | Bought the ring of Pecwoll {rF+ Int+3} for 421 gold pieces
  2347 | D        | Bought the amulet "Kaozxaum" {Reflect SH+6 Stlth+} for 753
                  | gold pieces
  2435 | D        | Noticed Joseph
  2443 | D        | Killed Joseph
  2517 | D        | Noticed a cyclops
  2517 | D        | Noticed an ogre mage
  2517 | D        | Noticed a seven-headed hydra
  2517 | D        | Noticed a deep elf mage
  2520 | D        | Killed an ogre mage
  2520 | D        | Killed a deep elf mage
  2520 | D        | Noticed a deep elf mage
  2521 | D        | Killed a cyclops
  2521 | D        | Killed a seven-headed hydra
  2522 | D        | Reached skill level 15 in Maces & Flails
  2522 | D        | Reached skill level 15 in Invocations
  2522 | D        | Noticed a deep troll earth mage
  2523 | D        | Noticed a rakshasa
  2524 | D        | Killed a deep elf mage
  2525 | D        | Noticed a deep elf high priest
  2529 | D        | Killed a deep troll earth mage
  2530 | D        | Reached XP level 12. HP: 88/149 MP: 9/23
  2531 | D        | Killed a rakshasa
  2538 | D        | Killed a deep elf high priest
  2760 | D        | Noticed an ice dragon
  2761 | D        | Noticed a deep troll shaman
  2768 | D        | Killed an ice dragon
  2769 | D        | Killed a deep troll shaman
  2813 | D        | Noticed Maurice
  2833 | D        | Killed Maurice
  2911 | D        | Noticed an entropy weaver
  2938 | D        | Reached skill level 5 in Stealth
  2939 | D        | Killed an entropy weaver
  3312 | D        | Reached skill level 15 in Fighting
  3635 | D        | Noticed a shambling mangrove
  3635 | D        | Noticed a shambling mangrove
  3642 | D        | Killed a shambling mangrove
  3651 | D        | Killed a shambling mangrove
  3652 | D        | Reached XP level 13. HP: 76/162 MP: 25/25
  3667 | D        | Reached skill level 10 in Throwing
  3978 | D        | Noticed a merfolk javelineer
  3991 | D        | Killed a merfolk javelineer
  4003 | D        | Reached skill level 10 in Stealth
  4375 | D        | Noticed Donald
  4384 | D        | Killed Donald
  4494 | D        | Killed Sonja
  4498 | D        | Noticed Nessos
  4505 | D        | Killed Nessos
  4545 | D        | Noticed a stone giant
  4545 | D        | Noticed a stone giant
  4545 | D        | Noticed a frost giant
  4545 | D        | Noticed a fire dragon
  4548 | D        | Killed a stone giant
  4549 | D        | Noticed a spark wasp
  4553 | D        | Killed a stone giant
  4558 | D        | Noticed a fire giant
  4560 | D        | Noticed a rockslime
  4561 | D        | Killed a frost giant
  4562 | D        | Noticed an iron dragon
  4564 | D        | Noticed a white very ugly thing
  4569 | D        | Killed a fire dragon
  4571 | D        | Killed a spark wasp
  4572 | D        | Noticed an ettin
  4574 | D        | Killed a rockslime
  4575 | D        | Killed a white very ugly thing
  4576 | D        | Killed a fire giant
  4576 | D        | Killed an ettin
  4577 | D        | Reached XP level 14. HP: 81/176 MP: 7/27
  4579 | D        | Killed an iron dragon
  4584 | D        | Noticed a stone giant
  4585 | D        | Noticed a spriggan defender
  4588 | D        | Killed a spriggan defender
  4592 | D        | Killed a stone giant
  4702 | D        | Noticed an ironheart preserver
  4708 | D        | Killed an ironheart preserver
  4724 | D        | Noticed a nagaraja
  4724 | D        | Noticed a vault warden
  4730 | D        | Killed a nagaraja
  4734 | D        | Noticed a vault warden
  4735 | D        | Killed a vault warden
  4742 | D        | Killed a vault warden
  4743 | D        | Reached skill level 15 in Stealth
  4908 | D        | Noticed a vault warden
  4915 | D        | Killed a vault warden
  4919 | D        | Noticed a white very ugly thing
  4927 | D        | Killed a white very ugly thing
  5212 | D        | Found the +10 sword of Jihad {holy, *Rage rN+ EV+3}
  5366 | D        | Noticed an emperor scorpion
  5378 | D        | Killed an emperor scorpion
  5395 | D        | Killed a ghost moth
  5400 | D        | Killed a ghost moth
  5401 | D        | Reached skill level 15 in Dodging
  5401 | D        | Noticed an emperor scorpion
  5420 | D        | Killed an emperor scorpion
  5716 | D        | Noticed an emperor scorpion
  5718 | D        | Noticed an emperor scorpion
  5729 | D        | Killed an emperor scorpion
  5730 | D        | Reached XP level 15. HP: 186/187 MP: 29/29
  5739 | D        | Got a gossamer rune of Zot
  5947 | D        | Noticed a nagaraja
  5947 | D        | Noticed a nagaraja
  5949 | D        | Killed a nagaraja
  5951 | D        | Noticed a nagaraja
  5954 | D        | Killed a nagaraja
  5956 | D        | Noticed a nagaraja
  5958 | D        | Killed a nagaraja
  5958 | D        | Noticed a nagaraja
  5960 | D        | Killed a nagaraja
  5965 | D        | Killed a nagaraja
  6179 | D        | Got a serpentine rune of Zot
  6199 | D        | Reached skill level 15 in Shields
  6242 | D        | Got a decaying rune of Zot
  6250 | D        | Noticed Ilsuiw
  6264 | D        | Killed Ilsuiw
  6288 | D        | Got a barnacled rune of Zot
  6380 | D        | Noticed Mennas
  6391 | D        | Killed Mennas
  6435 | D        | Noticed Nergalle
  6445 | D        | Killed Nergalle
  6460 | D        | Noticed Jory
  6473 | D        | Killed Jory
  6734 | D        | Reached XP level 16. HP: 204/204 MP: 31/31
  7196 | D        | Noticed a tentacled monstrosity
  7203 | D        | Killed a tentacled monstrosity
  7214 | D        | Noticed a shadow dragon
  7223 | D        | Killed a shadow dragon
  7241 | D        | Noticed a shadow dragon
  7246 | D        | Killed a shadow dragon
  7250 | D        | Identified the cursed +0 pair of gloves of Impermeability
                  | {rC+}
  7320 | D        | Noticed a shadow dragon
  7320 | D        | Noticed a titan
  7320 | D        | Noticed a golden dragon
  7320 | D        | Noticed a shadow dragon
  7327 | D        | Noticed a shadow dragon
  7329 | D        | Killed a shadow dragon
  7337 | D        | Killed a titan
  7339 | D        | Killed a golden dragon
  7347 | D        | Killed a shadow dragon
  7348 | D        | Reached skill level 15 in Throwing
  7354 | D        | Killed a shadow dragon
  7355 | D        | Reached XP level 17. HP: 185/218 MP: 32/32
  7362 | D        | Got a silver rune of Zot
  7363 | D        | Identified the +5 lajatang of Mayhem {flame, *Corrode rElec
                  | Int+2}
  7407 | D        | Noticed Xtahua
  7413 | D        | Noticed Mara
  7416 | D        | Killed Xtahua
  7423 | D        | Killed Mara
  7466 | D        | Noticed Snorg
  7473 | D        | Killed Snorg
  7494 | D        | Got the ring "Toahuc" {rPois MR- Dex+3 Slay+3}
  7496 | D        | Got the ring of Wanoid Esif {*Drain rPois rF- Str+6 Dex+3}
  7499 | D        | Got the amulet of Xom's Castigation {Faith rN+ Str+3 Int-3
                  | Dex+4}
  7502 | D        | Got the amulet of Avoolico {Regen Str-4 Int+2 SInv Stlth+}
  7505 | D        | Got the ring "Mecy" {rElec AC+3 Str+4 Dex+4}
  7511 | D        | Found the +8 mithril axe "Arga" {speed, MR+}
  7512 | D        | Got the +5 broad axe of Evisceration {venom, Str+4}
  7515 | D        | Got the +5 great sword of Somewhere Else {slice, Int+7}
  7518 | D        | Got the +5 great sword of Discomfort {vamp, rElec}
  7523 | D        | Got the +5 glaive "Piejeots" {elec, rElec rC+ Stlth+}
  7633 | D        | Noticed Louise
  7652 | D        | Noticed Margery
  7660 | D        | Killed Louise
  7665 | D        | Killed Margery
  7670 | D        | Reached skill level 27 in Maces & Flails
  7986 | D        | Noticed a titan
  7986 | D        | Noticed a golden dragon
  7991 | D        | Noticed a lich
  7996 | D        | Killed a titan
  8007 | D        | Killed a golden dragon
  8014 | D        | Killed a lich
  8040 | D        | Noticed a bone dragon
  8040 | D        | Noticed a bone dragon
  8040 | D        | Noticed a golden dragon
  8040 | D        | Noticed a golden dragon
  8040 | D        | Noticed a golden dragon
  8047 | D        | Killed a bone dragon
  8053 | D        | Killed a bone dragon
  8058 | D        | Killed a golden dragon
  8064 | D        | Killed a golden dragon
  8068 | D        | Killed a golden dragon
  8087 | D        | Reached XP level 18. HP: 16/235 MP: 19/34
  8486 | D        | Noticed a golden dragon
  8486 | D        | Noticed a rockslime
  8502 | D        | Killed a golden dragon
  8507 | D        | Killed a rockslime
  8952 | D        | Noticed an electric golem
  8952 | D        | Noticed a tentacled monstrosity
  8956 | D        | Killed an electric golem
  8958 | D        | Killed a tentacled monstrosity
  9006 | D        | Noticed a Killer Klown
  9028 | D        | Killed a Killer Klown
  9211 | D        | Noticed a tentacled monstrosity
  9216 | D        | Noticed a tentacled monstrosity
  9220 | D        | Killed a tentacled monstrosity
  9226 | D        | Killed a tentacled monstrosity
  9577 | D        | Noticed an Orb Guardian
  9577 | D        | Noticed an Orb Guardian
  9577 | D        | Noticed an Orb Guardian
  9577 | D        | Noticed an Orb Guardian
  9577 | D        | Noticed an Orb Guardian
  9577 | D        | Noticed an Orb Guardian
  9578 | D        | Noticed an Orb Guardian
  9579 | D        | Killed an Orb Guardian
  9580 | D        | Reached skill level 27 in Invocations
  9580 | D        | Noticed an Orb Guardian
  9581 | D        | Killed an Orb Guardian
  9583 | D        | Killed an Orb Guardian
  9585 | D        | Noticed an Orb Guardian
  9586 | D        | Killed an Orb Guardian
  9589 | D        | Killed an Orb Guardian
  9600 | D        | Killed an Orb Guardian
  9603 | D        | Killed an Orb Guardian
  9606 | D        | Killed an Orb Guardian
  9607 | D        | Reached XP level 19. HP: 232/252 MP: 36/36
  9807 | D        | Noticed an ancient lich
  9809 | D        | Killed an ancient lich
  9811 | D        | Noticed an orb of fire
  9813 | D        | Killed an orb of fire
  9815 | D        | Noticed an electric golem
  9817 | D        | Killed an electric golem
  9819 | D        | Noticed a golden dragon
  9819 | D        | Noticed an orb of fire
  9819 | D        | Noticed an orb of fire
  9823 | D        | Noticed an orb of fire
  9823 | D        | Killed a golden dragon
  9825 | D        | Killed an orb of fire
  9826 | D        | Killed an orb of fire
  9826 | D        | Killed an orb of fire
  9828 | D        | Reached skill level 27 in Dodging
  9986 | D        | Noticed an ancient lich
  9991 | D        | Noticed an orb of fire
  9992 | D        | Killed an ancient lich
  9992 | D        | Noticed a curse toe
  9993 | D        | Reached skill level 27 in Fighting
  9993 | D        | Reached skill level 27 in Shields
 10001 | D        | Gained mutation: You tend to lose your temper in combat.
                  | [an orb of fire]
 10002 | D        | Gained mutation: Your spells are a little easier to cast,
                  | but a little less powerful. [an orb of fire]
 10003 | D        | Killed an orb of fire
 10004 | D        | Reached XP level 20. HP: 127/275 MP: 21/37
 10007 | D        | Killed a curse toe
 10720 | D        | Noticed an ancient lich
 10723 | D        | Noticed an ancient lich
 10724 | D        | Reached skill level 27 in Throwing
 10724 | D        | Paralysed by a lich for 4 turns
 10731 | D        | Reached skill level 10 in Unarmed Combat
 10731 | D        | Noticed an ancient lich
 10731 | D        | Killed an ancient lich
 10731 | D        | Killed an ancient lich
 10736 | D        | Killed an ancient lich
 10869 | D        | Got an elven rune of Zot
 10942 | D        | Reached XP level 21. HP: 285/285 MP: 38/38
 11082 | D        | Noticed the Royal Jelly
 11097 | D        | Killed the Royal Jelly
 11098 | D        | Reached skill level 27 in Unarmed Combat
 11115 | D        | Reached skill level 15 in Spellcasting
 11125 | D        | Got a slimy rune of Zot
 11606 | D        | Noticed a greater mummy
 11606 | D        | Noticed a greater mummy
 11606 | D        | Noticed a greater mummy
 11606 | D        | Noticed a greater mummy
 11606 | D        | Noticed a greater mummy
 11608 | D        | Killed a greater mummy
 11609 | D        | Noticed a greater mummy
 11619 | D        | Killed a greater mummy
 11640 | D        | Noticed a greater mummy
 11642 | D        | Killed a greater mummy
 11642 | D        | Killed a greater mummy
 11642 | D        | Killed a greater mummy
 11643 | D        | Reached skill level 27 in Spellcasting
 11651 | D        | Killed a greater mummy
 11653 | D        | Killed a greater mummy
 11654 | D        | Reached skill level 15 in Evocations
 11654 | D        | Reached XP level 22. HP: 48/288 MP: 6/53
 11892 | D        | Got a golden rune of Zot
 11924 | D        | Got an abyssal rune of Zot
 12067 | D        | Noticed Geryon
 12069 | D        | Killed Geryon
 12472 | D        | Got the Orb of Zot
 12559 | D        | Noticed Ohotwioc the pandemonium lord
 12565 | D        | Killed Ohotwioc the pandemonium lord
 12664 | D        | Noticed Uficsuqi the pandemonium lord
 12676 | D        | Killed Uficsuqi the pandemonium lord
 13352 | D        | Noticed Izuhamey the pandemonium lord
 13354 | D        | Killed Izuhamey the pandemonium lord
 13379 | D        | Noticed Gedos the pandemonium lord
 13381 | D        | Killed Gedos the pandemonium lord
 13650 | D        | Noticed Xergheal the pandemonium lord
 13652 | D        | Killed Xergheal the pandemonium lord
 13756 | D        | Reached skill level 27 in Evocations
 13795 | D        | Reached skill level 27 in Stealth
 13795 | D        | Reached skill level 1 in Bows
 13885 | D        | Reached skill level 5 in Hexes
 13888 | D        | Reached skill level 5 in Bows
 14069 | D        | Reached skill level 10 in Hexes
 14117 | D        | Reached skill level 10 in Bows
 14603 | D        | Escaped with the Orb!

Skill      XL: |  1  2  3  4  5  6  7  8  9 10 11 12 13 14 15 16 17 18 19 20 21 22 |
---------------+-------------------------------------------------------------------+-----
Invocations    | 2 4 6 8 9 10 12 13 15 16 19 21 22 23 25 27 | 27.0
Maces & Flails | 3 5 6 8 10 11 12 13 15 17 19 21 23 26 27 | 27.0
Dodging        | 1 3 4 6 7 8 9 10 12 13 14 15 17 19 22 25 27 | 27.0
Shields        | 2 3 4 6 7 8 9 10 11 12 13 14 16 18 20 23 27 | 27.0
Fighting       | 3 4 6 8 9 10 11 12 14 15 16 17 19 20 22 24 27 | 27.0
Throwing       | 1 4 6 8 9 11 12 13 15 16 18 23 27 | 27.0
Stealth        | 8 13 16 18 20 22 24 27 | 27.0
Unarmed Combat | 23 27 | 27.0
Spellcasting   | 27 | 27.0
Evocations     | 15 27 | 27.0
Bows           | 12 | 12.7
Hexes          | 13 | 13.8

Action                   |  1- 3 |  4- 6 |  7- 9 | 10-12 | 13-15 | 16-18 | 19-21 | 22-24 || total
-------------------------+-------+-------+-------+-------+-------+-------+-------+-------++-------
Melee: Mace              |    25 |    12 |       |       |       |       |       |       ||    37
       Dire flail        |       |    11 |    16 |    97 |       |       |       |       ||   124
       Great mace        |       |       |       |    88 |   279 |   328 |   243 |    37 ||   975
 Fire: Longbow           |       |       |       |       |    12 |       |       |       ||    12
Throw: Large rock        |       |       |       |       |    22 |    41 |       |   181 ||   244
Invok: Slouch            |       |     1 |     6 |    12 |    11 |     7 |    53 |       ||    90
 Abil: Passwall          |       |       |       |       |     4 |       |       |     1 ||     5
Evoke: Wand              |       |       |     1 |       |       |       |       |       ||     1
  Use: Potion            |     2 |       |       |       |     5 |     6 |     1 |       ||    14
       Scroll            |       |       |       |       |       |       |       |    10 ||    10
 Stab: Sleeping          |     1 |       |       |     3 |     3 |     9 |    23 |     1 ||    40
       Distracted        |       |       |     1 |       |     1 |     1 |     1 |     1 ||     5
       Confused          |       |       |       |       |       |     1 |       |       ||     1
  Eat: Ration            |       |       |     1 |       |     4 |     4 |     2 |     1 ||    12
       Chunk             |       |       |       |     5 |     3 |     2 |     5 |     4 ||    19
Armor: Skin              |    19 |    13 |     8 |    57 |   104 |    37 |    35 |    14 ||   287
Dodge: Dodged            |    12 |    15 |    19 |   196 |   278 |   190 |   184 |    55 ||   949
Block: Medium shield     |    17 |    19 |    21 |   256 |   167 |       |       |       ||   480
       Reflection        |       |       |       |    16 |    44 |    12 |     8 |     3 ||    83
       Large shield      |       |       |       |       |   354 |   467 |   392 |   100 ||  1313
